[Event "*** Titled Tuesday Blitz"]
[Site "Chess.com"]
[Date "2020.10.27"]
[Round "3"]
[White "SilviusTiberius"]
[Black "VladaSviridova"]
[Result "1-0"]
[WhiteElo "2534"]
[BlackElo "2282"]
[TimeControl "180+1"]
[EndTime "10:27:23 PDT"]
[Termination "SilviusTiberius won on time"]

1. e4 e6 2. d4 d5 3. Nc3 Bb4 4. exd5 exd5 5. Bd3 Nc6 6. Nf3 Nge7 7. O-O Be6 8. Ne2 Qd7 9. c3 Bd6 10. Nf4 Bg4 11.
h3 Bxf3 12. Qxf3 O-O 13. Nh5 f5 14. Re1 Kh8 15. Bd2 Ng6 16. g3 Nce7 17. Re2 c6 18.
Rae1 Rae8 19. Re6 b5 20. h4 f4 21. Qg4 Qc7 22. Kg2 f3+ 23. Kh1 a5 24. Bg5 Kg8 25.
Nxg7 Kxg7 26. h5 b4 27. hxg6 hxg6 28. Bh4 Rh8 29. Bxg6 Rxh4+ 30. gxh4 Rg8 31. Bd3+ Kf8 32.
Rf6+ Ke8 33. Qxg8+ Kd7 34. Qe6+ 1-0

[Event "*** Titled Tuesday Blitz"]
[Site "Chess.com"]
[Date "2020.10.27"]
[Round "3"]
[White "maxip32"]
[Black "TomiLen"]
[Result "0-1"]
[WhiteElo "2412"]
[BlackElo "2641"]
[TimeControl "180+1"]
[EndTime "10:27:24 PDT"]
[Termination "TomiLen won on time"]

1. e4 e6 2. d3 d5 3. Nd2 Nf6 4. Ngf3 b6 5. g3 Bb7 6. exd5 Nxd5 7. Bg2 Nf6 8. O-O Be7 9. Nc4 c5 10. a4 O-O 11. Bd2 Qc8 12. Re1 Nc6 13. Bc3 Nd5 14. Bd2 Bf6 15. Qc1 Qc7 16. Bg5 Rad8 17. Bxf6 Nxf6 18.
h3 Ba8 19. Kh2 h6 20. Qd2 Rfe8 21. Ne3 Re7 22. Ng4 Nxg4+ 23. hxg4 Nb4 24. Qc3 Bd5 25.
Ne5 Bxg2 26. Kxg2 Nc6 27. Nxc6 Qxc6+ 28. f3 Rd4 29. Re4 Rxe4 30. fxe4 f5 31. gxf5 exf5 32. Qc4+ Kh7 33. Re1 Qf6 34. c3 Qg5 35. Re2 f4 0-1

[Event "*** Titled Tuesday Blitz"]
[Site "Chess.com"]
[Date "2020.10.27"]
[Round "3"]
[White "Shivagami"]
[Black "GameOverBro"]
[Result "0-1"]
[WhiteElo "2253"]
[BlackElo "2517"]
[TimeControl "180+1"]
[EndTime "10:27:24 PDT"]
[Termination "GameOverBro won on time"]

1. e4 d6 2. Nc3 Nf6 3. d4 e5 4.
dxe5 dxe5 5. Qxd8+ Kxd8 6. Nf3 Bd6 7. Ng5 Ke7 8. Be3 h6 9. Nf3 Be6 10. O-O-O Ng4 11. h3 Nxe3 12. fxe3 c6 13. Be2 Nd7 14. Rd3 b5 15. Rhd1 Bc5 16. a3 a5 17. g4 Ra7 18.
Kb1 Bc4 19. Rxd7+ Rxd7 20. Rxd7+ Kxd7 21. Bxc4 bxc4 22. Nxe5+ Kc7 23. Nxc4 h5 24. g5 h4 25.
e5 Be7 26. Ne4 Rh5 27. Nxa5 Bxg5 28. Nc4 f5 29. exf6 Bxf6 30. Nxf6 gxf6 31. Nd2 Rf5 32. Kc1 Rf2 33. Kd1 Rh2 34. Ne4 Rxh3 35. Nxf6 Rxe3 36. Ng4 Rg3 37. Nf2 h3 38. Ke2 h2 39. Nh1 Rg1 0-1

[Event "*** Titled Tuesday Blitz"]
[Site "Chess.com"]
[Date "2020.10.27"]
[Round "3"]
[White "GMaka"]
[Black "CzechmVIII"]
[Result "1-0"]
[WhiteElo "2371"]
[BlackElo "2159"]
[TimeControl "180+1"]
[EndTime "10:27:24 PDT"]
[Termination "GMaka won on time"]

1. Nf3 c5 2. b3 d6 3. Bb2 e5 4. e3 Nf6 5. d4 cxd4 6. exd4 e4 7. Nfd2 d5 8. Bb5+ Nc6 9. O-O Bf5 10. f3 Bd6 11. fxe4 Bxe4 12. Nxe4 Nxe4 13. Nd2 Qh4 14.
Nf3 Qh6 15. Bc1 Qg6 16. Ne5 Bxe5 17. dxe5 Nc3 18. Bxc6+ bxc6 19. Qd3 Qxd3 20. cxd3 Ne2+ 21. Kh1 Nxc1 22. Raxc1 Rc8 23. Rc5 Ke7 24. Rfc1 Kd7 25. d4 Rhe8 26. Rf1 Ke6 27. g4 Re7 28. Kg2 Rb7 29.
Rfc1 Kd7 30. Kf3 Rb4 31. Ke3 Rb5 32. Rxb5 cxb5 33. Rc5 Rxc5 34. dxc5 b4 35. g5 Ke6 36. Kd4 h6 37. gxh6 gxh6 38. c6 h5 39. h4 a5 40.
Kc5 1-0

[Event "*** Titled Tuesday Blitz"]
[Site "Chess.com"]
[Date "2020.10.27"]
[Round "3"]
[White "Corre_por_tu_vida"]
[Black "Ze-Pequeno"]
[Result "1-0"]
[WhiteElo "2541"]
[BlackElo "2303"]
[TimeControl "180+1"]
[EndTime "10:27:25 PDT"]
[Termination "Corre_por_tu_vida won by resignation"]

1. e4 e5 2. Nf3 Nc6 3. Bb5 a6 4. Ba4 Nf6 5. O-O Be7 6. Re1 b5 7. Bb3 d6 8. c3 O-O 9. h3 Nb8 10. d4 Nbd7 11. Nbd2 Bb7 12. a4 h6 13. Bc2 Re8 14. Nf1 Bf8 15. Ng3 g6 16. b3 c5 17. d5 Bg7 18. Kh2 Qc7 19. Nf1 c4 20. b4 Nb6 21. a5 Nbd7 22. g4 Kf8 23. Ng3 Ke7 24. Be3 Rh8 25. Nd2 Rag8 26. f4 exf4 27. Bxf4 Ne8 28. Ra3 Ne5 29. Nf3 Bc8 30. Nxe5 Bxe5 31.
Bxe5 dxe5 32. Rf1 f6 33. Qf3 Kd6 34. Raa1 Qe7 35. Qe3 Qc7 36. Rf2 Rf8 37. Raf1 Bd7 38. Rf3 Rf7 39. R1f2 Bc8 40. Nf1 Rff8 41. Nd2 Rf7 42. Kg2 Rff8 43. Kf1 Rf7 44. Ke1 Rff8 45. Kd1 Rf7 46. Kc1 Rff8 47. Qe2 Rf7 48. Nf1 Rff8 49. Ne3 Rf7 50. h4 g5 51. Qf1 Rg8 52. Rxf6+ Rxf6 53. Rxf6+ Ke7 54. Rf7+ Kd8 55. Rxc7 Nxc7 56. Qf7 1-0

[Event "*** Titled Tuesday Blitz"]
[Site "Chess.com"]
[Date "2020.10.27"]
[Round "3"]
[White "Zhuu96"]
[Black "Lenyas66"]
[Result "1-0"]
[WhiteElo "2877"]
[BlackElo "2470"]
[TimeControl "180+1"]
[EndTime "10:27:27 PDT"]
[Termination "Zhuu96 won by resignation"]

1. c4 e5 2. Nc3 Bb4 3. Nd5 Be7 4. e3 Nf6 5. Nxe7 Qxe7 6. Ne2 O-O 7. Nc3 c6 8. d4 e4 9. Be2 d5 10. O-O Be6 11. b3 Rd8 12. a4 a5 13. Ba3 Qd7 14. cxd5 cxd5 15. Nb5 Nc6 16. Rc1 Ne8 17. f3 exf3 18.
Bxf3 Na7 19. Nxa7 Rxa7 20. Bc5 Raa8 21. Bb6 Rdc8 22. Qd2 Nd6 23. Bxa5 Ne4 24. Qb4 Ng5 25. Be2 Bg4 26. Bd3 Qe6 27. Rce1 Ne4 28. Bb6 Qg6 29.
a5 h5 30. Qe7 Rc3 31. Bxe4 dxe4 32. Qxb7 Re8 33. Rf2 h4 34. a6 Rxb3 35. a7 Rxb6 36. a8=Q Rxa8 37. Qxa8+ Kh7 38. Qd8 h3 39. Qh4+ Kg8 40.
Rc1 Rb8 41. Qg3 Re8 42. gxh3 Bf3 43. Qxg6 fxg6 44. Rd2 1-0

[Event "*** Titled Tuesday Blitz"]
[Site "Chess.com"]
[Date "2020.10.27"]
[Round "3"]
[White "PavelShkapenko"]
[Black "geordie_derraugh"]
[Result "1-0"]
[WhiteElo "2631"]
[BlackElo "2404"]
[TimeControl "180+1"]
[EndTime "10:27:27 PDT"]
[Termination "PavelShkapenko won by checkmate"]

1. e4 c5 2. c3 d5 3. exd5 Qxd5 4. Nf3 g6 5. Na3 Nf6 6. Bc4 Qe4+ 7. Be2 Bg7 8. O-O O-O 9. Re1 Qc6 10. d4 Bf5 11. Ne5 Qc8 12. Be3 Nc6 13. Nxc6 Qxc6 14. dxc5 Ne4 15. Bf3 Qa6 16. Qe2 Qa4 17. Qb5 Nxc3 18.
bxc3 Qxa3 19. Bd4 e5 20. Bxe5 Bxe5 21. Rxe5 Qxc3 22. Rae1 Rad8 23. Qxb7 Rd2 24. Qb3 Qd4 25.
Qe3 Qb4 26. Re8 Rd3 27. Rxf8+ Kxf8 28. Qh6+ Kg8 29. Re8# 1-0

[Event "*** Titled Tuesday Blitz"]
[Site "Chess.com"]
[Date "2020.10.27"]
[Round "3"]
[White "Sesleria"]
[Black "Grandmaster1369"]
[Result "0-1"]
[WhiteElo "1894"]
[BlackElo "2296"]
[TimeControl "180+1"]
[EndTime "10:27:27 PDT"]
[Termination "Grandmaster1369 won by resignation"]

1. d4 Nf6 2. c4 g6 3. Nc3 Bg7 4. e4 d6 5. Be2 O-O 6. Be3 e5 7.
d5 a5 8. g4 Ne8 9. g5 f5 10.
gxf6 Nxf6 11. Qd2 Na6 12. O-O-O Nc5 13. f3 Nh5 14. Kb1 b6 15. Rc1 Nf4 16. Bf1 a4 17. h4 Qf6 18. Nb5 Rf7 19. Rd1 h6 20. Qf2 Kh7 21. Nh3 Nxh3 22. Bxh3 Qxf3 23. Bxc5 Bxh3 24. Qxf3 Rxf3 25. Nxc7 Rc8 26. Bxb6 Bg2 27. Rhg1 Rg3 28. Rd2 Bxe4+ 0-1

[Event "*** Titled Tuesday Blitz"]
[Site "Chess.com"]
[Date "2020.10.27"]
[Round "3"]
[White "mamey78"]
[Black "MarkoPe"]
[Result "1-0"]
[WhiteElo "2397"]
[BlackElo "2191"]
[TimeControl "180+1"]
[EndTime "10:27:28 PDT"]
[Termination "mamey78 won by checkmate"]

1. e4 c6 2. d4 d5 3. exd5 cxd5 4. c4 Nf6 5. Nc3 Nc6 6. Nf3 e6 7. cxd5 Nxd5 8. Bc4 Bb4 9. O-O O-O 10. Qd3 b6 11. Nxd5 exd5 12. Bb5 Bb7 13. Ng5 g6 14. Qh3 h5 15.
Nf3 Rc8 16. Bg5 Be7 17. Bh6 Re8 18. Rfe1 Bf6 19. Rxe8+ Qxe8 20. Re1 Qd8 21. Bxc6 Bxc6 22. Qg3 Qc7 23. Bf4 Qb7 24. Be5 Bg7 25. Bxg7 Kxg7 26.
h4 Re8 27. Rxe8 Bxe8 28. Qe5+ Kf8 29. Ng5 Qc6 30. Nh7+ Kg8 31. Nf6+ Kf8 32. Nxd5 f5 33.
Qe7+ Kg8 34. Nf6+ Kh8 35. Qh7# 1-0

[Event "*** Titled Tuesday Blitz"]
[Site "Chess.com"]
[Date "2020.10.27"]
[Round "3"]
[White "Msb2"]
[Black "bangchess21"]
[Result "1-0"]
[WhiteElo "2921"]
[BlackElo "2700"]
[TimeControl "180+1"]
[EndTime "10:27:29 PDT"]
[Termination "Msb2 won by resignation"]

1. d4 Nf6 2. c4 e6 3. Nc3 Bb4 4.
e3 b6 5. Bd2 Bb7 6. Nf3 O-O 7.
Bd3 Bxc3 8. Bxc3 Ne4 9. Bxe4 Bxe4 10. d5 exd5 11. cxd5 Bxf3 12. gxf3 d6 13. Rg1 f6 14. f4 Nd7 15. h4 Kh8 16. h5 h6 17. Rg6 Rf7 18. Qc2 Qe7 19. O-O-O Re8 20. Kb1 Qe4 21.
Qxe4 Rxe4 22. Bd4 a5 23. b3 Kg8 24. Kb2 Re8 25. a3 Rfe7 26. b4 axb4 27. axb4 Ra8 28.
Rdg1 Kh7 29. Rc1 Nf8 30. Rgg1 Rf7 31. Ra1 Rxa1 32. Rxa1 g6 33. hxg6+ Nxg6 34. Kc3 Ne7 35. Kc4 Kg6 36. f3 b5+ 37. Kxb5 Nxd5 38. f5+ Kg5 39. Rg1+ Kh5 40. e4 Nf4 41. Be3 Nh3 42. Rh1 Kh4 43. Bf2+ Kg5 44. Rxh3 Kf4 45. Bd4 d5 46. exd5 Kxf5 47.
Rxh6 Kg5 48. Rxf6 1-0

[Event "*** Titled Tuesday Blitz"]
[Site "Chess.com"]
[Date "2020.10.27"]
[Round "3"]
[White "Gloomy_Wanderer"]
[Black "TotsukaBlade"]
[Result "1-0"]
[WhiteElo "2706"]
[BlackElo "2438"]
[TimeControl "180+1"]
[EndTime "10:27:29 PDT"]
[Termination "Gloomy_Wanderer won by resignation"]

1. d4 d5 2. c4 dxc4 3. e4 Nf6 4. e5 Nd5 5. Bxc4 Nc6 6. Ne2 e6 7. Nbc3 Bb4 8. O-O O-O 9. Bb3 b6 10. Qd3 a5 11. Bc2 g6 12. Rd1 Ba6 13. Qe4 Bxc3 14. Nxc3 Bc4 15. Bh6 Re8 16. Qf3 Qh4 17. Be3 Nxc3 18. bxc3 Bd5 19. Qg3 Qxg3 20. hxg3 Ne7 21. a4 Kg7 22. Bd3 Nf5 23. Bg5 h6 24. Bf6+ Kf8 25.
c4 Bb7 26. d5 exd5 27. cxd5 Ne7 28. Be4 Nc8 29. Rac1 Ne7 30. Rxc7 Ba6 31. d6 1-0

[Event "*** Titled Tuesday Blitz"]
[Site "Chess.com"]
[Date "2020.10.27"]
[Round "3"]
[White "Smirnov_Pavel"]
[Black "Caterpiller35"]
[Result "1-0"]
[WhiteElo "2858"]
[BlackElo "2464"]
[TimeControl "180+1"]
[EndTime "10:27:30 PDT"]
[Termination "Smirnov_Pavel won by checkmate"]

1. d4 Nf6 2. c4 e6 3. Nf3 b6 4. g3 Ba6 5. b3 b5 6. cxb5 Bxb5 7. Bg2 Bc6 8. O-O a5 9. Nc3 Bb4 10. Bb2 Qc8 11. Qc2 Qa6 12. Na4 O-O 13. Ne5 Bxg2 14. Kxg2 d6 15. Nf3 d5 16. Nc5 Bxc5 17. dxc5 Ne4 18.
Nd4 Nc6 19. f3 Nb4 20. Qd1 Nxc5 21. Rc1 Nd7 22. Rxc7 Qd6 23. Nb5 Qa6 24. a4 Nf6 25.
Qd4 Rac8 26. Rfc1 Rxc7 27. Rxc7 Rc8 28. Qc5 Rxc7 29. Qxc7 h6 30. Qd8+ Kh7 31. Bxf6 g6 32. Qh8# 1-0

[Event "*** Titled Tuesday Blitz"]
[Site "Chess.com"]
[Date "2020.10.27"]
[Round "3"]
[White "Colombiano07"]
[Black "ChessAurochs"]
[Result "0-1"]
[WhiteElo "2282"]
[BlackElo "2538"]
[TimeControl "180+1"]
[EndTime "10:27:30 PDT"]
[Termination "ChessAurochs won on time"]

1. e4 e5 2. Nf3 Nc6 3. Bc4 Nf6 4. O-O Nxe4 5. d4 exd4 6. Re1 d5 7. Bxd5 Qxd5 8.
Nc3 Qa5 9. Nxe4 Be6 10. Bd2 Qh5 11. Neg5 O-O-O 12. Nxe6 fxe6 13. Rxe6 Bd6 14. Bg5 Rde8 15. Qe2 Bxh2+ 16. Kf1 Be5 17. Rxe8+ Rxe8 18. Re1 Rf8 19. Bh4 Rxf3 20. Qxf3 Qxh4 21. Qf5+ Kd8 22. Rxe5 Nxe5 23.
Qxe5 Qf6 24. Qd5+ Kc8 25. Qg8+ Qd8 26. Qd5 Qxd5 0-1

[Event "*** Titled Tuesday Blitz"]
[Site "Chess.com"]
[Date "2020.10.27"]
[Round "3"]
[White "ChessQueen"]
[Black "dropstoneDP"]
[Result "0-1"]
[WhiteElo "2728"]
[BlackElo "2969"]
[TimeControl "180+1"]
[EndTime "10:27:31 PDT"]
[Termination "dropstoneDP won by resignation"]

1. e4 e5 2. Nf3 Nc6 3. Bc4 Bc5 4. d3 Nf6 5. a4 h6 6. a5 Bb4+ 7. Bd2 Bxd2+ 8. Nbxd2 a6 9. Nf1 O-O 10. Ne3 d6 11. c3 Ne7 12. Nh4 d5 13. exd5 Nfxd5 14. g3 Be6 15. Qb3 Nxe3 16. fxe3 Qxd3 17. Bxd3 Bxb3 18.
Ke2 Rad8 19. Rhf1 e4 20. Bxe4 Bc4+ 21. Kf3 Bxf1 22. Rxf1 c6 23. Ke2 Rd7 24. Nf3 Rfd8 25. Nd4 g6 26. g4 Kg7 27. h4 Nd5 28. Rf3 Re8 29. Bb1 Rde7 30. Nc2 Re4 31. Rg3 h5 32. gxh5 Nf4+ 33. Kf3 Nxh5 34. Rh3 f5 35. Rh1 Nf6 36. Ba2 Ng4 37. Re1 Ne5+ 38. Kg3 Rg4+ 0-1

[Event "*** Titled Tuesday Blitz"]
[Site "Chess.com"]
[Date "2020.10.27"]
[Round "3"]
[White "VladimirBelous"]
[Black "Ermito2020"]
[Result "1-0"]
[WhiteElo "2848"]
[BlackElo "2652"]
[TimeControl "180+1"]
[EndTime "10:27:31 PDT"]
[Termination "VladimirBelous won on time"]

1. Nf3 e6 2. c4 f5 3. g3 Nf6 4. Bg2 Be7 5. O-O O-O 6. d3 c5 7. b3 Nc6 8. Bb2 d6 9. Nbd2 e5 10. a3 a5 11. e3 h6 12. Rb1 Be6 13. d4 e4 14. Nh4 cxd4 15. exd4 d5 16. Ng6 Rf7 17.
Nf4 Qd7 18. cxd5 Nxd5 19. Nxd5 Bxd5 20. Nc4 f4 21. Nb6 Qe6 22. Nxa8 f3 23. Nc7 Qd6 24. Nxd5 Qxd5 25. Bh3 Qh5 26. Be6 Kh8 27. d5 Nd8 28.
Bc8 Bd6 29. Qd4 Re7 30. Rfe1 Qg6 31. Bh3 e3 32. fxe3 Qc2 33. Rf1 Bc5 34. Rbc1 Qxc1 35.
Rxc1 Bxd4 36. Bxd4 Nf7 37. Bf5 Nd6 38. Be6 Re8 39. Rc7 1-0

[Event "*** Titled Tuesday Blitz"]
[Site "Chess.com"]
[Date "2020.10.27"]
[Round "3"]
[White "ftorodent"]
[Black "GM_Levan_Pantsulaia"]
[Result "1-0"]
[WhiteElo "2680"]
[BlackElo "2852"]
[TimeControl "180+1"]
[EndTime "10:27:34 PDT"]
[Termination "ftorodent won by resignation"]

1. d4 Nf6 2. c4 c5 3. d5 e6 4. Nc3 exd5 5. cxd5 d6 6. Nf3 g6 7. Bf4 a6 8. a4 Bg7 9. h3 O-O 10. e3 Re8 11. Nd2 Nbd7 12. Be2 Ne5 13. O-O Nfd7 14.
Bh2 f5 15. Qb3 Rb8 16. Qc2 Qc7 17. f4 Nf7 18. e4 Nf6 19. e5 dxe5 20. fxe5 Nxe5 21.
Nc4 Nfd7 22. d6 Qd8 23. Nd5 b5 24. axb5 axb5 25. Nxe5 Bxe5 26. Nc7 Bxh2+ 27. Kxh2 Re5 28. Bxb5 Nf6 29. Rfd1 f4 30. Qc4+ Kg7 31. Ra7 Rb7 32.
Rxb7 Bxb7 33. Qxf4 Rf5 34. Ne6+ 1-0

[Event "*** Titled Tuesday Blitz"]
[Site "Chess.com"]
[Date "2020.10.27"]
[Round "3"]
[White "chessdjw"]
[Black "avantage_ru"]
[Result "0-1"]
[WhiteElo "2646"]
[BlackElo "2843"]
[TimeControl "180+1"]
[EndTime "10:27:37 PDT"]
[Termination "avantage_ru won by resignation"]

1. c4 g6 2. d4 Bg7 3. Nc3 d6 4. e4 Nf6 5. Nf3 O-O 6. Be2 c6 7. O-O e5 8. d5 Na6 9. Be3 Ng4 10.
Bg5 f6 11. Bh4 c5 12. Ne1 h5 13. h3 Nh6 14. Nd3 Bd7 15. a3 b6 16. b4 Qe7 17. Rb1 Nf7 18. bxc5 Nxc5 19. Nxc5 bxc5 20. Rb7 Rfc8 21. Qb3 Nd8 22. Rb5 Bh6 23. Ra5 Rcb8 24. Qc2 a6 25. Bd3 Nb7 26. Ra4 Kg7 27. Rb1 Bxa4 28.
Qxa4 Nd8 29. Rxb8 Rxb8 30. Nd1 Rb6 31. Bc2 Nf7 32. Qa5 Qd8 33. Qa4 Bd2 34. Kf1 Bf4 35.
Kg1 g5 36. Bg3 h4 37. Bxf4 exf4 38. Kh2 Ne5 39. f3 Qd7 40. Qa5 Nxc4 41. Qc3 Ne5 42. Nf2 Qb5 43. Ng4 Qb2 44. Qa5 Nxf3+ 0-1

[Event "*** Titled Tuesday Blitz"]
[Site "Chess.com"]
[Date "2020.10.27"]
[Round "3"]
[White "DenisQ"]
[Black "Manukyan_Artak"]
[Result "1-0"]
[WhiteElo "2657"]
[BlackElo "2417"]
[TimeControl "180+1"]
[EndTime "10:27:37 PDT"]
[Termination "DenisQ won by resignation"]

1. Nf3 c6 2. c4 d5 3. cxd5 cxd5 4. d4 Nc6 5. Nc3 Bg4 6. Ne5 Nxe5 7. dxe5 Be6 8. e4 dxe4 9. Bb5+ Bd7 10. e6 fxe6 11. O-O Nf6 12. Qb3 Bxb5 13. Nxb5 Rc8 14. Nxa7 Rc5 15. Be3 Rd5 16. Qxb7 Kf7 17. Rac1 h6 18.
a4 g5 19. Nc6 Qd6 20. h3 g4 21.
h4 g3 22. Qb3 Rd3 23. Qb5 gxf2+ 24. Bxf2 Rg8 25. Ne5+ Kg7 26. Nxd3 exd3 27. Rcd1 d2 28. Qe2 Kh7 29. Rxd2 Qc6 30. Bd4 Bg7 31. Qd3+ Kh8 32.
Qg6 Qd5 33. Bxf6 Qxd2 34. Bxg7+ Rxg7 35. Rf8+ 1-0

[Event "*** Titled Tuesday Blitz"]
[Site "Chess.com"]
[Date "2020.10.27"]
[Round "3"]
[White "Triumphmate"]
[Black "Volodar_Murzin"]
[Result "1/2-1/2"]
[WhiteElo "2413"]
[BlackElo "2610"]
[TimeControl "180+1"]
[EndTime "10:27:37 PDT"]
[Termination "Game drawn by repetition"]

1. e4 c5 2. Nf3 d6 3. d4 cxd4 4. Nxd4 Nf6 5. Nc3 a6 6. f4 Nbd7 7. Nf3 e5 8. Bd3 b5 9. a3 Bb7 10. O-O Be7 11. Kh1 O-O 12. Qe1 Rc8 13. Bd2 Qc7 14.
fxe5 dxe5 15. Qg3 Nc5 16. Qh3 Ncxe4 17. Nxe4 Bxe4 18. Bc3 Bxd3 19. cxd3 Qd7 20. Qxd7 Nxd7 21. Nxe5 Nxe5 22. Bxe5 Rfd8 23. Rad1 f6 24. Bc3 Kf7 25. h3 Rd5 26. Rf3 Bxa3 27. Bxf6 gxf6 28. bxa3 Rc3 29. a4 b4 30. Rb1 a5 31. Rf4 Rcxd3 32. Kh2 Rd1 33. Rb2 R1d4 34. Rf3 Rc4 35. Rbf2 Rc6 36.
Rb2 h6 37. h4 Kg6 38. Rg3+ Kf7 39. Rf3 Rc4 40. Rbf2 Rc6 41. Rb2 1/2-1/2

[Event "*** Titled Tuesday Blitz"]
[Site "Chess.com"]
[Date "2020.10.27"]
[Round "3"]
[White "Khnykin_Nikolay"]
[Black "ural58"]
[Result "0-1"]
[WhiteElo "2052"]
[BlackElo "2342"]
[TimeControl "180+1"]
[EndTime "10:27:37 PDT"]
[Termination "ural58 won by checkmate"]

1. e4 d5 2. exd5 Qxd5 3. Nc3 Qa5 4. Bc4 Nf6 5. Nf3 Nc6 6. O-O Bg4 7. d4 e6 8. d5 O-O-O 9. Bg5 Ne5 10. Bxf6 Bxf3 11.
gxf3 gxf6 12. Bb3 Bb4 13. Qd4 Bxc3 14. Qxc3 Qxc3 15. bxc3 Nxf3+ 16. Kh1 exd5 17. Rad1 c6 18. Rd3 Ne5 19. Rd4 Rhg8 20. f4 Ng4 21. Rd3 Rde8 22. h3 Ne3 23. Re1 Nf5 24. Rg1 Rg6 25. Rxg6 hxg6 26.
Kg2 b5 27. a4 a6 28. axb5 axb5 29. Rd2 Kc7 30. Ba2 Re1 31. Bb3 Nd6 32. Kf2 Rc1 33.
Kg2 Ne4 34. Rd3 f5 35. Re3 Rd1 36. Rd3 Rxd3 37. cxd3 Nxc3 38. Bc2 d4 39. Bb3 Nd5 40. Kf3 Kd6 41. h4 c5 42. h5 gxh5 43. Kg3 f6 44.
Kh4 Nxf4 45. Bc2 Ke5 46. Kg3 c4 47. dxc4 bxc4 48. Bd1 c3 49. Bc2 d3 50. Bb3 c2 51.
Bxc2 dxc2 52. Kf2 c1=Q 53. Kg3 Qg1+ 54. Kh4 Qg4# 0-1

[Event "*** Titled Tuesday Blitz"]
[Site "Chess.com"]
[Date "2020.10.27"]
[Round "3"]
[White "Jungle_Jaguar"]
[Black "GukeshDommaraju"]
[Result "0-1"]
[WhiteElo "2642"]
[BlackElo "2827"]
[TimeControl "180+1"]
[EndTime "10:27:38 PDT"]
[Termination "GukeshDommaraju won by checkmate"]

1. e4 c6 2. d4 d5 3. e5 Bf5 4.
h4 h5 5. c4 e6 6. Nc3 Ne7 7.
Nge2 Nd7 8. Ng3 Bg6 9. Bg5 Qb6 10. Rc1 Qxb2 11. Bd3 Bxd3 12. Qxd3 Qb4 13. Rb1 Qa5 14.
O-O Qa6 15. Qf3 dxc4 16. Nce4 Nd5 17. Nxh5 Rh7 18. g4 b5 19. Rfe1 Qa3 20. Qe2 Be7 21.
Bxe7 Qxe7 22. Nd6+ Kf8 23. g5 Kg8 24. Rf1 g6 25. Nf6+ N7xf6 26. gxf6 Nxf6 27. f4 Ne8 28.
Ne4 Qxh4 29. Qf3 Qh2# 0-1

[Event "*** Titled Tuesday Blitz"]
[Site "Chess.com"]
[Date "2020.10.27"]
[Round "3"]
[White "verdest"]
[Black "InitiatingASC"]
[Result "1-0"]
[WhiteElo "2638"]
[BlackElo "2410"]
[TimeControl "180+1"]
[EndTime "10:27:39 PDT"]
[Termination "verdest won on time"]

1. d4 Nf6 2. c4 e6 3. Nf3 c5 4. d5 exd5 5. cxd5 d6 6. Nc3 g6 7. Bf4 a6 8. e4 Bg7 9. Bd3 O-O 10. O-O b5 11. h3 Re8 12. Re1 Qb6 13. Qd2 Nfd7 14. a3 c4 15. Bc2 Nc5 16. Be3 Ra7 17. Bd4 Rae7 18. Bxg7 Kxg7 19. e5 Nbd7 20. e6 fxe6 21. dxe6 Rxe6 22. Nd5 Qa7 23. Qd4+ Ne5 24. Ng5 Qb7 25. f4 Kh6 26. Nxe6 Nxe6 27. Qd2 Nd3 28. f5+ Kg7 29. Bxd3 Qxd5 30. fxe6 cxd3 31. Rac1 Bxe6 32. Rc7+ Kg8 33. Qc3 1-0

[Event "*** Titled Tuesday Blitz"]
[Site "Chess.com"]
[Date "2020.10.27"]
[Round "3"]
[White "PattyCastillo"]
[Black "PauloCesarCosta_sad"]
[Result "0-1"]
[WhiteElo "1849"]
[BlackElo "2287"]
[TimeControl "180+1"]
[EndTime "10:27:40 PDT"]
[Termination "PauloCesarCosta_sad won on time"]

1. d4 d5 2. Nf3 Nf6 3. e3 g6 4. Nc3 Bg7 5. Be2 O-O 6. O-O Bf5 7. Nh4 Be6 8. Bd3 c6 9. b3 Qa5 10. Bb2 Nbd7 11. Nf3 h6 12. a3 Rae8 13. b4 Qc7 14. Na4 Nb6 15. Nc5 Bg4 16. h3 Bxf3 17. Qxf3 Nfd7 18.
Nxd7 Nxd7 19. c4 dxc4 20. Bxc4 e5 21. d5 Nb6 22. Bb3 e4 23. Qe2 Bxb2 24. Qxb2 Nxd5 25. Rac1 Qe5 26. Qc2 a6 27. Rfd1 Rd8 28. Qc5 Rfe8 29. Rd4 Rd7 30. Rcd1 Red8 31. Qc2 f5 32. Qc5 Kg7 33. a4 Qd6 34. Rxd5 cxd5 35. Qd4+ Kh7 36. b5 axb5 37. axb5 b6 38. Qb2 Qc5 39. Qa2 Qxb5 40. Ba4 Qa5 0-1

[Event "*** Titled Tuesday Blitz"]
[Site "Chess.com"]
[Date "2020.10.27"]
[Round "3"]
[White "cassoulet"]
[Black "kuli4ik"]
[Result "0-1"]
[WhiteElo "2671"]
[BlackElo "2889"]
[TimeControl "180+1"]
[EndTime "10:27:41 PDT"]
[Termination "kuli4ik won by resignation"]

1. e4 e6 2. d4 d5 3. Nc3 Be7 4.
Nf3 Nf6 5. exd5 exd5 6. Bd3 Bg4 7. h3 Bh5 8. O-O O-O 9. Re1 c5 10. dxc5 Bxc5 11. Bg5 Nc6 12. Bxf6 Qxf6 13. Nxd5 Qxb2 14. Bxh7+ Kxh7 15. Ng5+ Kh6 16. Qd2 Qd4 17. Nxf7+ Kh7 18. Ng5+ Kg8 19. Qxd4 Bxd4 20. Ne6 Bxf2+ 21. Kh2 Bxe1 22.
Nxf8 Re8 23. Nd7 Bh4 24. Rb1 b6 25. Rb5 Be2 26. Rb1 Rd8 27. Nf4 Ba6 28. Ng6 Bg5 29. h4 Rxd7 30. hxg5 Rd5 31. Re1 Rxg5 32. Nf4 Kf7 33.
g3 Re5 34. Rf1 0-1

[Event "*** Titled Tuesday Blitz"]
[Site "Chess.com"]
[Date "2020.10.27"]
[Round "3"]
[White "OK97"]
[Black "GelmanAlexander"]
[Result "1-0"]
[WhiteElo "2787"]
[BlackElo "2574"]
[TimeControl "180+1"]
[EndTime "10:27:42 PDT"]
[Termination "OK97 won by checkmate"]

1. e4 c5 2. Nf3 e6 3. g3 Nc6 4. Bg2 Nf6 5. d3 d6 6. O-O Be7 7. c4 O-O 8. Nc3 a6 9. d4 cxd4 10.
Nxd4 Ne5 11. b3 Qc7 12. Bb2 Bd7 13. Rc1 Rac8 14. Qd2 Qb8 15. a4 Qc7 16. Rfd1 Rfd8 17. f4 Ng6 18. Kh1 h5 19. Nf3 Qb6 20. Rb1 Qxb3 21. Nd5 Nxd5 22. exd5 Qxc4 23. dxe6 Bxe6 24. Re1 Bf8 25. Ba1 Rc7 26. Qa5 Qc5 27. Qd2 Rdc8 28. Ng5 Bc4 29. Qd1 d5 30. Qxh5 f6 31. Qh7# 1-0

[Event "*** Titled Tuesday Blitz"]
[Site "Chess.com"]
[Date "2020.10.27"]
[Round "3"]
[White "Evachess2006"]
[Black "Kaslask"]
[Result "0-1"]
[WhiteElo "1622"]
[BlackElo "2361"]
[TimeControl "180+1"]
[EndTime "10:27:42 PDT"]
[Termination "Kaslask won by resignation"]

1. e4 c5 2. c3 e6 3. d4 d5 4.
exd5 Qxd5 5. dxc5 Qxd1+ 6. Kxd1 Bxc5 7. Be3 Bxe3 8. fxe3 Nf6 9. Nf3 Nc6 10. Bd3 b6 11. Ke2 Bb7 12. Kd1 O-O-O 13. Ke2 Nd5 14. Rd1 h6 15.
Nbd2 f5 16. Bc2 f4 17. exf4 Nxf4+ 18. Kf2 Nd3+ 19. Bxd3 Rxd3 20. Nc4 Rhd8 21. Re1 e5 22. Ncxe5 Nxe5 23. Rxe5 Bxf3 24. gxf3 Rf8 25. Re3 Rd2+ 26. Re2 Rd3 27. Re3 Rd5 28. Rg1 Rf7 29. Rg6 Kd7 30. c4 Rh5 31. Rg2 Rc5 32. Rd3+ Kc7 33. b3 g5 34. Rg4 Rcf5 35. Re4 Kb7 36. h3 h5 37. Kg3 Ka6 38. Ree3 Ka5 39. Rd2 Kb4 40.
Rde2 R7f6 41. Rf2 g4 42. hxg4 hxg4 43. Kxg4 Rf8 44. Re7 a5 45. Rb7 Rf4+ 46. Kg3 R4f6 47. Re7 Rg6+ 0-1

[Event "*** Titled Tuesday Blitz"]
[Site "Chess.com"]
[Date "2020.10.27"]
[Round "3"]
[White "RD4ever"]
[Black "AleksanderHnydiuk"]
[Result "1-0"]
[WhiteElo "2798"]
[BlackElo "2534"]
[TimeControl "180+1"]
[EndTime "10:27:43 PDT"]
[Termination "RD4ever won on time"]

1. e4 e5 2. Nf3 Nf6 3. Nc3 Nc6 4. Bb5 Nd4 5. Bc4 Bc5 6. d3 d6 7. Na4 Bg4 8. Nxc5 Bxf3 9. gxf3 dxc5 10. c3 Ne6 11. Qb3 Qc8 12. Rg1 Nh5 13. Bxe6 fxe6 14. Rg5 g6 15. Rxe5 O-O 16. Rxe6 Kh8 17. Be3 Rxf3 18.
Bxc5 Rxd3 19. Rd1 Rxd1+ 20. Kxd1 Qd7+ 21. Bd4+ Ng7 22. Qd5 Qf7 23. Qe5 Rd8 24. Re7 Rxd4+ 25. cxd4 Qf3+ 26. Kc1 1-0